 Dungeon Sprint DCSS version 0.18.1-50-g88ac8fd (webtiles) character file.

639 lorenzova the Protected (level 7, -18/72 HPs)
             Began as a Minotaur Fighter on Oct 15, 2016.
             Was an Initiate of Qazlal.
             Demolished by Sonja
             ... wielding a +0 dagger of distortion
              (21 damage)
             ... while paralysed by Sonja
             ... in the Dungeon (Sprint I: "Red Sonja").
             The game lasted 00:02:20 (973 turns).

lorenzova the Protected (Minotaur Fighter)           Turns: 973, Time: 00:02:20

Health: -18/72     AC:  8    Str: 23    XL:     7   Next: 25%
Magic:  6/6        EV:  2    Int:  5    God:    Qazlal [......]
Gold:   212        SH:  0    Dex:  9    Spells: 0 memorised, 6 levels left

rFire  . . .     SeeInvis .     a - +0 war axe
rCold  . . .     Gourm    .     b - +0 scale mail
rNeg   . . .     Faith    .     n - +0 shield {rPois}
rPois  +         Spirit   .     (helmet restricted)
rElec  .         Dismiss  .     (no cloak)
rCorr  .         Reflect  .     (no gloves)
SustAt .         Harm     .     (no boots)
MR     .....     NoTele   +     (no amulet)
Stlth  ..........               (no ring)
                                (no ring)

@: paralysed, not resistant to hostile enchantments, extremely unstealthy
A: retaliatory headbutt, horns 2
a: Renounce Religion


You were in the Dungeon.
You worshipped Qazlal.
Qazlal was noncommittal.
You were not hungry.

You visited 1 branch You collected 297 gold pieces.
You spent 85 gold pieces at shops.

Inventory:

Hand Weapons
 a - a +0 war axe (weapon)
Armour
 b - a +0 scale mail (worn)
 n - a +0 shield of poison resistance (worn)
Wands
 l - a wand of flame (21/48)
Scrolls
 k - 2 scrolls of blinking
Potions
 d - a potion of might
 e - a potion of curing
 g - a potion of heal wounds
 h - a potion of haste
 i - 2 potions of magic
 j - a potion of berserk rage
Comestibles
 f - a bread ration
 m - 3 fruits


   Skills:
 + Level 10.1 Fighting
 + Level 9.7 Axes
 + Level 10.1 Armour
 + Level 10.1 Shields


You had 6 spell levels left.
You didn't know any spells.

Dungeon Overview and Level Annotations

Branches:
Dungeon (1/1)

Altars:
Cheibriados
Dithmenos
Elyvilon
Fedhas
Gozag
Kikubaaqudgha
Makhleb
Nemelex Xobeh
Okawaru
Pakellas
Qazlal
Ru
Sif Muna
Trog
Vehumet
Xom
Yredelemnul
Zin
The Shining One
Jiyva

Shops:
D [

Annotations:
D Sonja


Innate Abilities, Weirdness & Mutations

You reflexively headbutt those who attack you in melee.
You have a pair of horns on your head.


Message History

Sonja shoots a curare-tipped needle.
You block the curare-tipped needle.
You see here 2 curare-tipped needles.
You are too injured to fight recklessly!
You are too injured to fight recklessly!
Sonja unwields an uncursed blowgun.
Sonja wields an uncursed dagger of distortion.
Its appearance distorts for a moment.
You block Sonja's attack. Sonja hits you but does no damage.
Sonja hits you with an uncursed dagger of distortion.
* * * LOW HITPOINT WARNING * * *
You feel a strange sense of stasis.
You completely miss Sonja. Your headbutt misses Sonja.
Sonja zaps a wand.
You suddenly lose the ability to move!
Sonja zaps a wand.
You shrug off the repeated paralysis!
Sonja casts a spell.
Sonja blinks!
Sonja shouts, "Too slow!"
Sonja hits you but does no damage. Sonja barely misses you.
Sonja hits you but does no damage. Space warps horribly around you!
You die...

#..#####'#####'#__#
#..####..#...#(####
#..#__####..##.#
#..#_.___##'#..+
#⌠⌠#_.∩...'..._#
####_.[._##_(#'#
#_____###(#.#
#########K###


+$@$+ #$.$# ##(## #+# You could see Sonja.

Vanquished Creatures
  A slime creature (D)
  Sigmund (D)
  A yak (D)
  An ogre (D)
  A jelly (D)
  Ijyb (D)
6 creatures vanquished.

Vanquished Creatures (others)
  A gargoyle (D)
1 creature vanquished.

Grand Total: 7 creatures vanquished

Notes
Turn   | Place    | Note
--------------------------------------------------------------
     0 | D        | lorenzova the Minotaur Fighter began the quest for the Orb.
     0 | D        | Reached XP level 1. HP: 19/19 MP: 0/0
     1 | D        | Noticed Ijyb
     9 | D        | Killed Ijyb
     9 | D        | Reached skill level 5 in Fighting
     9 | D        | Reached skill level 5 in Armour
     9 | D        | Reached skill level 5 in Shields
     9 | D        | Reached XP level 2. HP: 29/29 MP: 1/1
   112 | D        | Noticed an ogre
   118 | D        | Killed an ogre
   118 | D        | Reached skill level 5 in Axes
   118 | D        | Reached XP level 3. HP: 6/38 MP: 2/2
   118 | D        | Reached XP level 4. HP: 7/45 MP: 3/3
   375 | D        | Noticed Sigmund
   384 | D        | Killed Sigmund
   384 | D        | Reached XP level 5. HP: 36/55 MP: 4/4
   384 | D        | Reached XP level 6. HP: 41/62 MP: 5/5
   494 | D        | Found a deep blue altar of Sif Muna.
   496 | D        | Found a radiant altar of Vehumet.
   505 | D        | Found Ydghut's Armour Emporium.
   505 | D        | Found a white marble altar of Elyvilon.
   505 | D        | Found a stormy altar of Qazlal.
   505 | D        | Found a burning altar of Makhleb.
   505 | D        | Found a sacrificial altar of Ru.
   505 | D        | Found an oddly glowing altar of Pakellas.
   505 | D        | Found a basalt altar of Yredelemnul.
   505 | D        | Found a glowing golden altar of the Shining One.
   505 | D        | Found a sparkling altar of Nemelex Xobeh.
   505 | D        | Found a shimmering altar of Xom.
   505 | D        | Found an opulent altar of Gozag.
   505 | D        | Found an ancient bone altar of Kikubaaqudgha.
   505 | D        | Found a glowing silver altar of Zin.
   505 | D        | Noticed a yak
   513 | D        | Killed a yak
   514 | D        | Found an iron altar of Okawaru.
   597 | D        | Killed a gargoyle
   629 | D        | Found a bloodstained altar of Trog.
   631 | D        | Became a worshipper of Qazlal Stormbringer
   666 | D        | Found a viscous altar of Jiyva.
   666 | D        | Found a blossoming altar of Fedhas.
   666 | D        | Noticed a slime creature
   667 | D        | Found a snail-covered altar of Cheibriados.
   667 | D        | Found a shadowy altar of Dithmenos.
   677 | D        | Killed a slime creature
   677 | D        | Reached skill level 10 in Fighting
   677 | D        | Reached skill level 10 in Armour
   677 | D        | Reached skill level 10 in Shields
   677 | D        | Reached XP level 7. HP: 17/72 MP: 6/6
   935 | D        | Bought a +0 shield of poison resistance for 85 gold pieces
   954 | D        | Noticed Sonja
   959 | D        | Paralysed by Sonja for 6 turns
   964 | D        | HP: 3/72 [Sonja/uncursed dagger of distortion (6)]
   969 | D        | HP: 2/72 [Sonja/uncursed dagger of distortion (2)]
   970 | D        | Paralysed by Sonja for 4 turns
   973 | D        | Demolished by Sonja

Skill      XL: |  1  2  3  4  5  6 |
---------------+-------------------+-----
Fighting       | 5 6 8 10 | 10.1
Axes           | 4 5 7 9 |  9.7
Armour         | 5 6 8 10 | 10.1
Shields        | 5 6 8 10 | 10.1

Action                   |  1- 3 |  4- 6 |  7- 9 || total
-------------------------+-------+-------+-------++-------
Melee: War axe           |    12 |    26 |     4 ||    42
       Headbutt          |       |     8 |       ||     8
Armor: Scale mail        |     1 |     3 |    16 ||    20
Dodge: Dodged            |     5 |     5 |     5 ||    15
Block: Shield            |     5 |    11 |     5 ||    21
